 Dungeon Crawl Stone Soup version 0.23.2 (webtiles) character file.

Game seed: 2243488211824177426

54785 VAZYLA the Blocker (level 14, -4/95 HPs)
             Began as a Gargoyle Fighter on Apr 7, 2019.
             Was the Champion of Makhleb.
             Splashed by an acid blob's acid (10 damage)
             ... on level 6 of the Lair of Beasts on Apr 8, 2019.
             The game lasted 01:03:57 (23338 turns).

VAZYLA the Blocker (Gargoyle Fighter)              Turns: 23338, Time: 01:03:57

Health: -4/95      AC: 17    Str: 30    XL:     14   Next: 74%
Magic:  19/19      EV:  8    Int: 12    God:    Makhleb [******]
Gold:   1145       SH: 14    Dex:  9    Spells: 13/13 levels left

rFire    . . .     SeeInvis .   n - +5 whip (flame)
rCold    + . .     Gourm    .   c - +0 shield
rNeg     + . .     Faith    .   L - +6 plate armour of Melancholy {Str+8 Slay-6 Stlth-}
rPois    ∞         Spirit   .   x - +0 helmet
rElec    +         Reflect  .   (no cloak)
rCorr    .         Harm     .   (no gloves)
MR       +....                  (no boots)
Stlth    ..........             E - amulet of magic regeneration
HPRegen  0.25/turn              r - ring of protection from cold
MPRegen  0.41/turn              (no ring)

@: corroded
A: big wings, negative energy resistance 1, electricity resistance, unbreathing,
petrification resistance, rot immunity, AC +10
a: Fly, Minor Destruction, Lesser Servant of Makhleb, Major Destruction, Greater
Servant of Makhleb, Renounce Religion


You were on level 6 of the Lair of Beasts.
You worshipped Makhleb.
Makhleb was exalted by your worship.
You were not hungry.

You visited 2 branches of the dungeon, and saw 15 of its levels.

You collected 1145 gold pieces.

Inventory:

Hand Weapons
 a - a +0 flail
 b - a +0 hunting sling
 n - a +5 whip of flaming (weapon)
 w - a +2 whip of electrocution
 z - a +2 quarterstaff of holy wrath
 D - a +1 trident of distortion
Missiles
 o - 295 stones (quivered)
Armour
 c - a +0 shield (worn)
 d - a +0 chain mail
 j - a +0 scale mail
 x - a +0 helmet (worn)
 H - a +0 plate armour
 L - the +6 plate armour of Melancholy (worn) {Str+8 Slay-6 Stlth-}
   (You found it on level 8 of the Dungeon)

   It affects your strength (+8).
   It affects your accuracy and damage with ranged weapons and melee attacks
   (-6).
   It makes you less stealthy.
Jewellery
 r - a ring of protection from cold (left hand)
 s - an uncursed ring of ice
 E - an amulet of magic regeneration (around neck)
Wands
 y - a wand of paralysis (11)
 C - a wand of digging (2)
 F - a wand of random effects (40)
 G - a wand of polymorph (15)
 R - a wand of disintegration (20)
Scrolls
 e - 10 scrolls of identify
 g - a scroll of teleportation
 i - 12 scrolls of remove curse
 k - 3 scrolls of enchant weapon
 m - 2 scrolls of magic mapping
 t - 2 scrolls of immolation
 B - 2 scrolls of amnesia
 K - 2 scrolls of fog
 M - a scroll of holy word
 N - 3 scrolls of enchant armour {unknown}
 O - 2 scrolls of blinking
 P - a scroll of summoning {unknown}
 S - a scroll of acquirement {unknown}
 U - a scroll of noise {unknown}
Potions
 h - 2 potions of brilliance {unknown}
 l - 4 potions of ambrosia
 p - 3 potions of mutation {unknown}
 q - 3 potions of degeneration
 u - 2 potions of invisibility {unknown}
 v - a potion of flight {unknown}
 A - 3 potions of lignification {unknown}
 I - a potion of haste
 J - 2 potions of agility
 Q - a potion of heal wounds
 T - 2 potions of curing
Comestibles
 f - 20 rations


   Skills:
 + Level 13.8 Fighting
 * Level 12.1 Maces & Flails
 + Level 12.0 Armour
 + Level 14.0 Shields
 * Level 7.7 Evocations


You had 13 spell levels left.
You didn't know any spells.
Your spell library contained the following spells:

 Spells                   Type           Power        Failure   Level  Hunger
 Animate Skeleton         Necr           N/A          94%         1    ##.....
 Apportation              Tloc           #.....       94%         1    ##.....
 Confusing Touch          Hex            #.....       94%         1    ##.....
 Summon Small Mammal      Summ           #...         94%         1    ##.....
 Confuse                  Hex            #.......     100%        3    ####...
 Gell's Gravitas          Tloc           #.........   100%        3    ####...
 Recall                   Summ/Tloc      N/A          100%        3    ####...
 Petrify                  Tmut/Erth      #.......     100%        4    #####..
 Aura of Abjuration       Summ           #.........   100%        5    ######.
 Metabolic Englaciation   Hex/Ice        #.........   100%        5    ######.
 Summon Demon             Summ           #.........   100%        5    ######.
 Summon Forest            Summ/Tloc      #.........   100%        5    ######.
 Summon Mana Viper        Hex/Summ       #.......     100%        5    ######.
 Yara's Violent Unravell  Hex/Tmut       #.........   100%        5    ######.
 Shadow Creatures         Summ           N/A          100%        6    #######


Dungeon Overview and Level Annotations

Branches:
Dungeon (9/15)             Temple (0/1) D:5            Lair (6/6) D:9
  Swamp (0/4) Lair:3       Spider (0/4) Lair:2        Slime (0/5) Lair:6
    Orc: D:9-12

Altars:
Elyvilon
Gozag
Kikubaaqudgha
Makhleb
Qazlal
Ru
Sif Muna
Uskayaw
Vehumet
Xom
Zin
The Shining One
Jiyva

Annotations:
D:5 2 runed translucent doors, grocchini's ghost, novice NaWr
D:6 1 runed translucent door, vatarom's ghost, novice GnWn


Innate Abilities, Weirdness & Mutations

You are resistant to torment.
Your stone body is resilient. (AC +10)
You are immune to poison.
Your large and strong wings let you fly indefinitely.
You resist negative energy. (rN+)
You are resistant to electric shocks. (rElec)
You can survive without breathing.
You are immune to petrification.
You are immune to rotting.


Message History

The acid blob is heavily wounded.
You hit the acid blob but do no damage. The acid corrodes you!
Your hands burn!
The acid blob is heavily wounded.
The acid blob barely misses you.
You hit the acid blob but do no damage.
Your hands burn!
The acid blob is heavily wounded.
The acid blob hits you.
You are splashed with acid!
You barely miss the acid blob.
The acid blob is heavily wounded.
You hit the acid blob but do no damage.
Your hands burn!
The acid blob is heavily wounded.
The acid blob spits acid at you. The splash of acid hits you.
* * * LOW HITPOINT WARNING * * *
The acid corrodes you!
You are splashed with acid!
* * * LOW HITPOINT WARNING * * *
You feel much better. The acid blob hits you!!
* * * LOW HITPOINT WARNING * * *
The acid corrodes you!
You are splashed with acid!
You die...

#P.......# ##...
#P......## #....
##......## ##...
#.......# #...
##......P# ##..
#.......## ##.
##..###### #..
#P..#...# #..
##..@JJ.># ##.
##....#J..# #..
#.#...####### ##.
##..........# ###.
##.........## #...
#...........# ###.
###.........# #.
#.........# ######.
##.......####.#....


You could see 2 acid blobs and a slime creature.

Vanquished Creatures
  Nessos (Lair:5)
  2 hydras
  Harold (Lair:2)
  A two-headed ogre (D:5)
  10 death yaks
  11 spriggans (Lair:6)
  Pikel (D:4)
  15 elephants
  7 black mambas
  Joseph (D:7)
  12 spiny frogs
  3 rime drakes
  11 komodo dragons
  3 polar bears
  A tyrant leech (Lair:2)
  7 hippogriffs
  Grinder (D:4)
  18 blink frogs
  7 hornets
  6 dream sheep (Lair:6)
  3 wyverns
  A tarantella (Lair:2)
  72 yaks
  3 basilisks
  Menkaure (D:6)
  11 water moccasins
  A swamp worm (Lair:3)
  2 sky beasts
  9 porcupines
  4 slaves (D:4)
  A phantom (D:6)
  3 black bears (Lair:6)
  2 orc warriors
  5 ogres
  4 boggarts (Lair:6)
  16 wolves (Lair:6)
  4 centaurs
  12 crocodiles
  Blork the orc (D:5)
  11 bullfrogs
  2 scorpions
  3 killer bees
  A jelly (D:8)
  An electric eel (D:8)
  3 crimson imps
  2 hounds
  3 orc priests
  A gnoll shaman (D:4)
  9 orc wizards
  Ijyb (D:5)
  A bullfrog skeleton (D:4)
  3 iguanas
  5 worker ants
  A hound skeleton (D:7)
  Robin (D:4)
  A worker ant zombie (D:9)
  12 gnolls
  2 howler monkey skeletons
  11 adders
  3 shadow imps
  2 oozes
  An adder zombie (D:5)
  2 adder skeletons
  5 worms
  2 dart slugs
  4 leopard geckos
  29 orcs
  2 ball pythons (D:4)
  4 bats
  4 giant cockroaches
  15 goblins
  10 hobgoblins
  18 jackals
  4 quokkas
  2 frilled lizards (D:1)
  7 kobolds
  A quokka skeleton (D:4)
  9 rats
472 creatures vanquished.

Vanquished Creatures (others)
  4 fungi
  7 plants
11 creatures vanquished.

Grand Total: 483 creatures vanquished

Notes
Turn   | Place    | Note
-------+----------+-------------------------------------------
     0 | D:1      | VAZYLA the Gargoyle Fighter began the quest for the Orb.
     0 | D:1      | Reached XP level 1. HP: 14/14 MP: 1/1
   106 | D:1      | Reached XP level 2. HP: 19/19 MP: 2/2
   577 | D:2      | Noticed a crimson imp
   627 | D:2      | Killed a crimson imp
   627 | D:2      | Reached skill level 4 in Shields
   627 | D:2      | Reached XP level 3. HP: 23/24 MP: 3/3
   651 | D:2      | Reached XP level 4. HP: 29/29 MP: 4/4
  1161 | D:2      | Found a shimmering altar of Xom.
  1596 | D:3      | Reached XP level 5. HP: 34/34 MP: 5/5
  1648 | D:3      | Found a deep blue altar of Sif Muna.
  1649 | D:3      | Found a radiant altar of Vehumet.
  1656 | D:3      | Found a stormy altar of Qazlal.
  1658 | D:3      | Found an ancient bone altar of Kikubaaqudgha.
  1658 | D:3      | Found a hide-covered altar of Uskayaw.
  1658 | D:3      | Found a white marble altar of Elyvilon.
  1658 | D:3      | Found a glowing golden altar of the Shining One.
  1659 | D:3      | Found an opulent altar of Gozag.
  1663 | D:3      | Found a burning altar of Makhleb.
  1666 | D:3      | Became a worshipper of Makhleb the Destroyer
  2652 | D:4      | Reached XP level 6. HP: 39/40 MP: 6/6
  2715 | D:4      | Reached skill level 5 in Fighting
  2715 | D:4      | Reached skill level 5 in Shields
  2774 | D:4      | Noticed a slave
  2775 | D:4      | Noticed a slave
  2804 | D:4      | Killed a slave
  2886 | D:4      | Noticed Pikel
  2888 | D:4      | Noticed a slave
  2889 | D:4      | Noticed a slave
  3553 | D:4      | Reached * piety under Makhleb
  3643 | D:4      | Reached XP level 7. HP: 19/44 MP: 7/7
  3995 | D:4      | Found an opulent altar of Gozag.
  4531 | D:4      | Killed Pikel
  4531 | D:4      | Reached skill level 5 in Armour
  4531 | D:4      | Reached skill level 6 in Shields
  4531 | D:4      | Reached XP level 8. HP: 35/52 MP: 8/8
  4739 | D:4      | Noticed Robin
  4751 | D:4      | Killed Robin
  4867 | D:5      | Entered Level 5 of the Dungeon
  4890 | D:5      | Noticed Blork the orc
  4908 | D:5      | Killed Blork the orc
  5029 | D:5      | Reached skill level 7 in Shields
  5038 | D:5      | Noticed Grinder
  5124 | D:4      | Paralysed by Grinder for 2 turns
  5131 | D:4      | Paralysed by Grinder for 7 turns
  5140 | D:4      | Killed Grinder
  5605 | D:5      | Reached ** piety under Makhleb
  5659 | D:5      | Found a white marble altar of Elyvilon.
  5757 | D:5      | Found a large runed translucent door.
  5757 | D:5      | Found a large runed translucent door.
  5757 | D:5      | Noticed grocchini's ghost (novice NaWr)
  5785 | D:5      | Noticed Ijyb
  5805 | D:5      | Killed Ijyb
  5882 | D:5      | Found a staircase to the Ecumenical Temple.
  5984 | D:5      | Reached XP level 9. HP: 58/58 MP: 9/9
  5993 | D:5      | Found a sacrificial altar of Ru.
  6067 | D:5      | Reached skill level 8 in Shields
  6192 | D:6      | Noticed a two-headed ogre
  6853 | D:6      | Reached skill level 5 in Maces & Flails
  6893 | D:5      | Killed a two-headed ogre
  7184 | D:6      | Found a runed translucent door.
  7187 | D:6      | Noticed vatarom's ghost (novice GnWn)
  7262 | D:5      | Reached skill level 9 in Shields
  7575 | D:7      | Noticed Menkaure
  8105 | D:6      | Killed Menkaure
  8105 | D:6      | Reached XP level 10. HP: 66/66 MP: 10/10
  8374 | D:6      | Reached *** piety under Makhleb
  8663 | D:7      | Noticed Joseph
  8690 | D:7      | Killed Joseph
  8690 | D:7      | Reached skill level 10 in Shields
  9178 | D:8      | Noticed a death yak
  9481 | D:8      | Reached skill level 10 in Fighting
  9548 | D:8      | Killed a death yak
  9657 | D:8      | Reached **** piety under Makhleb
  9657 | D:8      | Reached XP level 11. HP: 73/73 MP: 11/11
  9661 | D:8      | Got a translucent plate armour
  9662 | D:8      | Identified the +6 plate armour of Melancholy {Str+8 Slay-6
                  | Stlth-} (You found it on level 8 of the Dungeon)
  9736 | D:8      | Reached skill level 11 in Shields
  9874 | D:8      | Found a shimmering altar of Xom.
 10367 | D:9      | Found a staircase to the Lair.
 10673 | D:9      | Found a glowing silver altar of Zin.
 11233 | Lair:1   | Entered Level 1 of the Lair of Beasts
 11236 | Lair:1   | Noticed a five-headed hydra
 11255 | Lair:1   | Killed a five-headed hydra
 11768 | Lair:1   | Reached skill level 12 in Shields
 12002 | D:9      | Reached XP level 12. HP: 59/81 MP: 12/12
 12923 | Lair:2   | Found a hole to the Spider Nest.
 14023 | Lair:2   | Noticed Harold
 14215 | Lair:2   | Killed Harold
 14524 | Lair:2   | Reached skill level 10 in Armour
 15905 | Lair:2   | Reached skill level 1 in Evocations
 16007 | Lair:1   | Reached ***** piety under Makhleb
 16281 | Lair:3   | Found a staircase to the Swamp.
 16941 | Lair:4   | Noticed a death yak
 16941 | Lair:4   | Noticed a death yak
 16942 | Lair:4   | Noticed a death yak
 16945 | Lair:4   | Noticed a death yak
 17040 | Lair:3   | Killed a death yak
 17040 | Lair:3   | Reached skill level 13 in Shields
 17040 | Lair:3   | Reached XP level 13. HP: 54/87 MP: 15/15
 17375 | Lair:3   | Reached skill level 10 in Maces & Flails
 18326 | Lair:5   | Noticed Nessos
 18584 | Lair:5   | Killed Nessos
 18841 | Lair:5   | You fall through a shaft!
 18841 | Lair:6   | Entered Level 6 of the Lair of Beasts
 18992 | Lair:6   | Reached skill level 5 in Evocations
 19238 | Lair:6   | Found a hide-covered altar of Uskayaw.
 20338 | Lair:5   | Gained mutation: Your large and strong wings let you fly
                  | indefinitely. [Gargoyle growth]
 20338 | Lair:5   | Reached XP level 14. HP: 74/94 MP: 18/18
 20883 | Lair:6   | Found a runed translucent door.
 20885 | Lair:6   | Found a viscous altar of Jiyva.
 20885 | Lair:6   | Noticed an acid blob
 20887 | Lair:6   | Found a staircase to the Slime Pits.
 20887 | Lair:6   | Noticed an acid blob
 21503 | Lair:6   | Reached ****** piety under Makhleb
 22686 | Lair:6   | Reached skill level 14 in Shields
 23338 | Lair:6   | Splashed by an acid blob's acid

Skill      XL: |  1  2  3  4  5  6  7  8  9 10 11 12 13 14 |
---------------+-------------------------------------------+-----
Fighting       | 4 5 6 7 9 10 12 13 | 13.8
Shields        | 4 5 6 7 9 10 12 13 14 | 14.0
Armour         | 4 5 7 8 9 10 11 12 | 12.0
Maces & Flails | 3 4 5 6 7 9 11 12 | 12.1
Evocations     | 3 6 7 |  7.7

Action                   |  1- 3 |  4- 6 |  7- 9 | 10-12 | 13-15 || total
-------------------------+-------+-------+-------+-------+-------++-------
Melee: Flail             |    71 |       |       |       |       ||    71
       Whip              |    45 |   254 |   486 |  1985 |  2436 ||  5206
Throw: Stone             |       |    53 |    47 |    23 |     3 ||   126
Invok: Minor Destruction |       |       |       |     1 |       ||     1
  Use: Scroll            |       |     6 |     3 |    11 |     2 ||    22
       Potion            |       |     2 |       |       |     2 ||     4
  Eat: Ration            |       |     2 |     2 |     5 |     5 ||    14
       Chunk             |       |     2 |     8 |    15 |     8 ||    33
Armor: Scale mail        |    47 |   117 |     1 |       |       ||   165
       Chain mail        |       |       |   208 |     2 |       ||   210
       Plate armour      |       |       |       |   731 |   810 ||  1541
Dodge: Dodged            |    21 |    61 |   100 |   271 |   359 ||   812
Block: Shield            |    58 |   117 |   204 |   851 |  1090 ||  2320
